 Dungeon Crawl Stone Soup version 0.25.1-2-g60ff931df9 (webtiles) character file.

Game seed: 11167775842760920727

1217 Luthien the Magician (level 8, -8/46 HPs)
             Began as a Deep Elf Conjurer on Sept 4, 2020.
             Mangled by an ogre
             ... wielding a +0 giant club
              (11 damage)
             ... on level 5 of the Dungeon.
             The game lasted 00:18:02 (7346 turns).

Luthien the Magician (Deep Elf Conjurer)            Turns: 7346, Time: 00:18:02

Health: -8/46      AC:  3    Str:  5    XL:     8   Next: 22%
Magic:  20/20      EV: 13    Int: 23    God:
Gold:   233        SH:  3    Dex: 15    Spells: 9/20 levels left

rFire    + . .     SeeInvis .   A - +0 morningstar (drain)
rCold    + . .     Gourm    .   y - +0 buckler
rNeg     . . .     Faith    .   z - +0 robe (curse)
rPois    +         Spirit   .   t - +0 helmet
rElec    +         Reflect  .   (no cloak)
rCorr    +         Harm     .   (no gloves)
MR       .....                  (no boots)
Stlth    ++........             (no amulet)
HPRegen  0.15/turn              (no ring)
MPRegen  0.17/turn              (no ring)

@: lethally poisoned (-8 -> -15), about to teleport, resistant, lightly drained
A: no striking features
a: no special abilities


You were on level 5 of the Dungeon.
You were not hungry.

You visited 1 branch of the dungeon, and saw 6 of its levels.
You also visited: Sewer.

You collected 233 gold pieces.

Inventory:

Hand Weapons
 d - a +0 dagger
 w - a +0 hunting sling
 A - a +0 morningstar of draining (weapon)
 D - a +2 quarterstaff of draining
 F - a +0 shortbow
Missiles
 b - 10 poisoned darts (quivered)
 e - 167 stones
 h - 87 arrows
 m - 3 datura-tipped darts
Armour
 a - a +0 robe
 f - a +0 robe
 t - a +0 helmet (worn)
 y - a +0 buckler (worn)
 z - a cursed +0 robe (worn)
 I - a +0 leather armour
Jewellery
 p - an uncursed ring of ice {unknown}
 q - an uncursed ring of protection from fire {unknown}
Scrolls
 i - a scroll of fog {unknown}
 k - 2 scrolls of teleportation
 r - 3 scrolls of identify {unknown}
 s - 3 scrolls of enchant weapon {unknown}
 u - a scroll of remove curse {unknown}
 v - a scroll of random uselessness {unknown}
 G - a scroll of fear {unknown}
Potions
 g - 5 potions of curing {unknown}
 j - 6 potions of heal wounds {unknown}
 l - a potion of lignification {unknown}
 n - 2 potions of resistance
 o - a potion of haste {unknown}
 x - a potion of magic {unknown}
 B - 4 potions of flight
 C - 2 potions of invisibility {unknown}
 E - a potion of cancellation {unknown}
Comestibles
 c - 10 rations


   Skills:
 + Level 3.0(2.8) Fighting
 - Level 3.5(3.3) Dodging
 - Level 3.8(3.6) Stealth
 + Level 6.6(6.4) Spellcasting
 + Level 6.6(6.4) Conjurations
 + Level 4.9(4.7) Hexes
 + Level 3.8(3.6) Translocations


You had 9 spell levels left.
You knew the following spells:

 Your Spells              Type           Power        Failure   Level  Hunger
a - Magic Dart            Conj           ####         1%          1    None
b - Searing Ray           Conj           #####.       1%          2    None
i - Iskenderun's Mystic   Conj/Tloc      ####....     17%         4    ###....
p - Fulminant Prism       Conj/Hex       ####......   14%         4    ###....

Your spell library contained the following spells:

 Spells                   Type           Power        Failure   Level  Hunger
 Dazzling Flash           Conj/Hex       ####..       4%          3    #......
 Animate Skeleton         Necr           N/A          14%         1    None
 Pain                     Necr           #...         14%         1    None
 Vampiric Draining        Necr           #.........   38%         3    #......
 Animate Dead             Necr           N/A          80%         4    ###....
 Agony                    Necr           #.......     98%         5    #####..


Dungeon Overview and Level Annotations

Branches:
Dungeon (6/15)              Sewer (visited)
 Temple: D:4-7

Altars:
Trog
Wu Jian

Annotations:
D:2 1 runed translucent door, Crazy Yiuf
D:4 Dowan, Duvessa


Message History

You climb upwards.
There is a stone staircase leading down here.
The worker ant bites you.
* * * LOW HITPOINT WARNING * * *
Unknown command.
Unknown command.
Unknown command.
Unknown command.
As you read the scroll of teleportation, it crumbles to dust.
You feel strangely unstable. You block the ogre's attack.
The worker ant bites you.
* * * LOW HITPOINT WARNING * * *
You are lethally poisoned!
The worker ant poisons you!
It was a potion of resistance.
You feel protected.
* * * LOW HITPOINT WARNING * * *
You feel sick. The worker ant barely misses you.
The ogre hits you with a +0 giant club!
You die...

......# #.#.#.##.#..#####.#
......# #.................#
......# #.#.#.#####.......#
......# #.#.#.##........#.#
......####.#.#.##.#####.##.###
.........#.#.#.##.# #......#
###.####.#.#.#.##.########.#.#
###.####.#.......O.........#.#
................@a....>....#.#
#....###........#.###..[...#.#
#....# #...#.#..#.###.###..#.#
#....# #...#..........# #..#.#
#....###...######.#######..#.#
#.....##...................#.#
#.....##..#########.######.#.#
#####.##.....................####
#####..##.#########.######.......


You could see an ogre and a worker ant.

Vanquished Creatures
  A sky beast (D:6)
  4 centaurs (D:5)
  A scorpion (D:6)
  3 wights
  A howler monkey (D:6)
  2 crimson imps (D:5)
  A hound (D:5)
  A centaur skeleton (D:3)
  An orc priest (D:3)
  4 orc wizards
  A merfolk siren (Sewer)
  3 worker ants (D:5)
  A merfolk avatar (Sewer)
  A hound skeleton (D:5)
  A gnoll (D:1)
  A river rat (Sewer)
  4 adders
  2 worms
  2 dart slugs
  9 leopard geckos
  13 orcs
  6 ball pythons
  3 bats
  7 giant cockroaches
  8 goblins
  6 hobgoblins
  12 jackals
  11 kobolds
  3 quokkas
  8 frilled lizards
  30 rats
151 creatures vanquished.

Vanquished Creatures (others)
  6 fulminant prisms
6 creatures vanquished.

Grand Total: 157 creatures vanquished

Notes
Turn   | Place    | Note
-------+----------+-------------------------------------------
     0 | D:1      | Luthien the Deep Elf Conjurer began the quest for the Orb.
     0 | D:1      | Reached XP level 1. HP: 10/10 MP: 6/6
   134 | D:1      | Reached XP level 2. HP: 9/15 MP: 1/8
   138 | D:1      | Learned a level 2 spell: Searing Ray
   760 | D:1      | Reached XP level 3. HP: 19/19 MP: 7/10
  2284 | D:2      | Found a runed translucent door.
  2285 | D:2      | Noticed Crazy Yiuf
  2519 | D:3      | Reached XP level 4. HP: 24/24 MP: 8/11
  2586 | D:3      | Reached skill level 5 in Conjurations
  2689 | D:3      | Learned a level 4 spell: Fulminant Prism
  2820 | D:3      | Reached skill level 1 in Hexes
  2820 | D:3      | Reached XP level 5. HP: 28/28 MP: 9/13
  3285 | D:3      | Found a bloodstained altar of Trog.
  3566 | D:3      | Reached skill level 1 in Fighting
  3582 | D:3      | Found an ornate altar of the Wu Jian Council.
  3687 | D:3      | Learned a level 4 spell: Iskenderun's Mystic Blast
  3758 | D:4      | Noticed Duvessa
  3758 | D:4      | Noticed Dowan
  3829 | D:4      | Found a glowing drain.
  3905 | Sewer    | Entered a sewer
  4178 | Sewer    | Reached skill level 1 in Translocations
  4178 | Sewer    | Reached XP level 6. HP: 34/34 MP: 2/15
  4547 | Sewer    | Reached skill level 5 in Spellcasting
  4982 | D:5      | Entered Level 5 of the Dungeon
  5613 | D:5      | Reached XP level 7. HP: 8/40 MP: 8/17
  7154 | D:6      | Reached XP level 8. HP: 45/45 MP: 9/19
  7346 | D:5      | Mangled by an ogre

Illustrated notes

Levels and vault maps discovered:
D:1:      ncdulo_smallfort, layout_rooms
D:2:      layout_basic, first_ration, hangedman_decor_diamond_cutter,
          uniq_crazy_yiuf_cottage
D:3:      layout_loops_ring, lemuel_coloured_pillars_altar, bloody_trog,
          minmay_misc_feat_pillars
D:4:      layout_basic, nemelex_altar_shiori, minmay_temple_entry_ruins,
          gup_sewer_entry_pipe, nicolae_ru_path_of_blood, uniq_duvessa,
          uniq_blork_the_orc
D:5:      layout_basic
D:6:      layout_cave_pools, gammafunk_ghost_grave, nicolae_sextant,
          eino_curves_01, uniq_menkaure

Skill      XL: |  1  2  3  4  5  6  7  8 |
---------------+-------------------------+-----
Stealth        | 3 |  3.8
Dodging        | 3 |  3.5
Spellcasting   | 4 5 6 |  6.6
Conjurations   | 5 6 |  6.6
Hexes          | 1 2 3 4 |  4.9
Fighting       | 1 2 3 |  3.0
Translocations | 1 2 3 |  3.8

Action                   |  1- 3 |  4- 6 |  7- 9 || total
-------------------------+-------+-------+-------++-------
Melee: Dagger            |     9 |       |       ||     9
       Morningstar       |       |       |     4 ||     4
 Cast: Magic Dart        |    81 |   114 |    27 ||   222
       Searing Ray       |     6 |    28 |    18 ||    52
       Fulminant Prism   |       |       |     6 ||     6
  Use: Scroll            |       |       |     1 ||     1
       Potion            |       |       |     1 ||     1
  Eat: Chunk             |     5 |     9 |     6 ||    20
Armor: Robe              |     2 |     1 |       ||     3
Dodge: Dodged            |    16 |     7 |    17 ||    40
Block: Buckler           |       |     4 |     3 ||     7
